Map: Lost and Found LE

Players

GOStephano (Stephano) - Winner!

  • Race: Zerg Zerg
  • Spawn Location: 1:00

Tesla (Rob)

  • Race: Protoss Protoss
  • Spawn Location: 7:00

Event: WCS Austin 2018

VOD

Have the link to the VOD?

Description

Time

  • Played on: June 1, 2018, 5:38 p.m.
  • Length: 7:32

All games in this series

Show
View Real Time Build Order
Export as new Build Order

GOStephano Zerg - Winner!

Build Orders: Hatch First 

Get SALT Encoding   

  12  0:00  Drone  
  13  0:13  Overlord  
  13  0:18  Drone  
  14  0:31  Drone x2  
  16  0:48  Hatchery  
  15  0:51  Drone  
  15  0:54  Drone  
  17  0:57  Drone  
  18  1:08  Extractor  
  17  1:13  Spawning Pool  
  17  1:16  Drone  
  17  1:20  Drone  
  18  1:28  Drone  
  19  1:40  Drone  
  20  1:51  Drone  
  21  2:00  Queen x2  
  25  2:01  Zergling x2  
  25  2:02  Overlord  
  26  2:11  Drone x2  
  26  2:14  Metabolic Boost  
  28  2:22  Drone x2  
  30  2:35  Hatchery  
  29  2:41  Queen  
  32  2:44  Zergling x2  
  32  2:48  Overlord  
  32  2:50  Drone  
  33  2:53  Drone  
  33  2:55  Drone  
  35  3:01  Drone  
  36  3:05  Evolution Chamber  
  36  3:06  Drone  
  36  3:12  Drone x2  
  38  3:13  Drone x3  
  38  3:19  Drone  
  42  3:22  Overlord  
  42  3:24  Queen  
  44  3:31  Zerg Melee Weapons Level 1  
  45  3:41  Drone x5  
  45  3:42  Drone x2  
  45  3:47  Drone x3  
  54  3:50  Queen  
  56  3:59  Drone x2  
  57  4:03  Spore Crawler  
  57  4:04  Spore Crawler  
  57  4:05  Spore Crawler  
  57  4:06  Queen  
  55  4:11  Zergling x4  
  57  4:17  Overlord x2  
  57  4:22  Overlord  
  57  4:36  Zergling x20  
  66  4:46  Zergling x8  
  70  4:54  Lair  
  70  4:56  Zergling x6  
  70  4:57  Queen  
  70  4:58  Queen  
  77  5:04  Zergling x10  
  77  5:05  Spine Crawler  
  81  5:07  Overlord  
  81  5:12  Overlord  
  81  5:17  Overlord  
  81  5:20  Extractor x2  
  79  5:21  Roach Warren  
  78  5:29  Drone x7  
  78  5:30  Drone  
  78  5:33  Queen  
  86  5:48  Drone x8  
  93  5:53  Drone x2  
  94  6:03  Glial Reconstitution  
  94  6:05  Overlord x2  
  94  6:06  Overlord x2  
  94  6:13  Roach  
  94  6:14  Roach x4  
  94  6:17  Extractor  
  94  6:18  Overlord  
  103  6:19  Roach  
  103  6:24  Roach x4  
  103  6:25  Roach  
  114  6:34  Roach  
  114  6:35  Roach  
  118  6:41  Roach x4  
  118  6:42  Hatchery  
  118  6:45  Roach  
  127  6:55  Roach  
  127  6:56  Roach x3  
  127  6:57  Zergling x8  
  139  7:07  Roach x4  
Show
View Real Time Build Order
Export as new Build Order

Tesla Protoss 

Build Orders: 1 Gate Expand, Zealot Archon, Archon Drop, Dark Templar Rush 

Get SALT Encoding   

  12  0:00  Probe  
  13  0:12  Probe  
  14  0:18  Pylon  
  14  0:24  Probe  
  15  0:34  Probe  
  15  0:38  Gateway  
  15  0:42  Probe  
  16  0:47  Assimilator  
  17  0:51  Probe  
  18  1:03  Probe  
  19  1:20  Nexus  
  19  1:29  Cybernetics Core, Probe  
  20  1:37  Probe  
  20  1:39  Assimilator  
  21  1:47  Pylon  
  21  1:49  Probe  
  22  1:57  Adept  
  22  2:01  Probe  
  25  2:08  Warp Gate  
  25  2:13  Probe  
  26  2:25  Twilight Council, Probe  
  26  2:29  Probe  
  28  2:37  Probe x2  
  30  2:44  Robotics Facility  
  30  2:47  Probe  
  30  2:49  Probe  
  32  2:59  Probe  
  32  3:01  Probe  
  34  3:07  Dark Shrine  
  34  3:09  Gateway  
  34  3:11  Probe  
  35  3:13  Probe  
  35  3:19  Pylon  
  36  3:23  Probe, Warp Prism  
  36  3:26  Assimilator, Probe  
  40  3:35  Probe  
  40  3:38  Probe  
  40  3:40  Assimilator  
  42  3:47  Probe  
  43  3:50  Gateway, Probe  
  43  3:54  Gateway  
  44  4:01  Probe  
  44  4:02  Probe  
  44  4:13  Probe  
  44  4:14  Probe  
  45  4:19  Dark Templar x2  
  45  4:24  Immortal  
  49  4:25  Probe  
  49  4:26  Probe  
  54  4:42  Probe  
  54  4:47  Pylon  
  54  4:53  Nexus  
  54  4:55  Pylon  
  54  5:01  Archon  
  54  5:06  Probe, Dark Templar x3  
  61  5:15  Archon, Dark Templar  
  61  5:18  Probe, Pylon  
  61  5:19  Probe  
  61  5:20  Archon  
  65  5:26  Pylon  
  65  5:27  Pylon  
  65  5:29  Gateway  
  65  5:31  Gateway  
  65  5:33  Gateway  
  65  5:34  Gateway  
  65  5:42  Dark Templar  
  65  5:43  Dark Templar  
  65  5:53  Archon  
  65  5:56  Dark Templar x2  
  69  5:58  Gateway  
  69  6:00  Pylon  
  69  6:01  Archon  
  69  6:08  Pylon  
  69  6:16  Dark Templar  
  71  6:22  Dark Templar  
  73  6:28  Dark Templar x2  
  73  6:29  Archon  
  77  6:34  Archon  
  77  6:35  Zealot x3  
  77  6:38  Pylon  
  77  6:39  Pylon  
  83  6:48  Zealot  
  83  6:51  Zealot  
  82  6:54  Zealot  
  82  6:58  Zealot x3  
  81  7:21  Zealot x6  
Tags
 
Add a new tag
Caveats
  • Supply blocks, unpowered buildings, or Contaminate may cause inaccurate times.
  • Supply counts are checked every 10 seconds.